 Dungeon Sprint DCSS version 0.22.0-16-gc6d26f6 (webtiles) character file.

16700000 poirepourri the Middleweight Champion (level 27, -26/271 (273) HPs)
             Began as a Ghoul Gladiator on Aug 17, 2018.
             Was the Champion of Makhleb.
             Annihilated by a large bag of meat
             ... wielding a +9 giant spiked club
              (87 damage)
             ... in the Dungeon (Sprint VIII: "Arena of Blood").
             The game lasted 00:03:11 (167 turns).

poirepourri the Middleweight Champion (GhGl)         Turns: 167, Time: 00:03:11

HP:   -26/271 (273) AC:  8    Str: 22    XL:     27
MP:   53/53         EV: 34    Int:  3    God:    Makhleb [******]
Gold: 0             SH:  0    Dex: 19    Spells: 80/80 levels left

rFire    . . .     SeeInvis .   k - +∞ Axe of Woe
rCold    + . .     Gourm    .   (shield currently unavailable)
rNeg     + + +     Faith    .   a - +0 leather armour
rPois    ∞         Spirit   .   b - +0 helmet
rElec    .         Reflect  .   (no cloak)
rCorr    .         Harm     .   (no gloves)
MR       ++...     NoTele   +   (no boots)
Stlth    ++++......             (no amulet)
HPRegen  0.00/turn              (no ring)
MPRegen  0.33/turn              (no ring)

@: rotting, slowed, very slow
A: rotting body, claws 1, carnivore, cold resistance 1, negative energy
resistance 3, inhibited regeneration, torment resistance, unbreathing
0: Orb of Zot
a: Minor Destruction, Lesser Servant of Makhleb, Major Destruction, Greater
Servant of Makhleb, Renounce Religion


You were in the Dungeon.
You worshipped Makhleb.
Makhleb was exalted by your worship.
You were not hungry.

You visited 1 branch

Inventory:

Hand Weapons
 k - the +∞ Axe of Woe (weapon)
   (You found it in the Dungeon)
Missiles
 c - 3 throwing nets (quivered)
Armour
 a - a +0 leather armour (worn)
 b - a +0 helmet (worn)
Scrolls
 j - a scroll of blinking
Potions
 e - a potion of curing
 f - a potion of heal wounds
 g - a potion of haste
 h - 2 potions of magic
 i - a potion of berserk rage
Comestibles
 d - a ration


   Skills:
 O Level 27 Fighting
 O Level 27 Axes
 O Level 27 Throwing
 O Level 27 Armour
 O Level 27 Dodging
 O Level 27 Stealth
 O Level 27 Unarmed Combat
 O Level 27 Spellcasting
 O Level 27 Invocations


You had 80 spell levels left.
You didn't know any spells.
Your spell library was empty.

Dungeon Overview and Level Annotations

Branches:
Dungeon (1/1)

Altars:
Makhleb

Annotations:
D The Captor


Innate Abilities, Weirdness & Mutations

Your body is rotting away.
You thrive on raw meat.
You are immune to poison.
You have sharp fingernails.
You are carnivorous and can eat meat at any time.
Your flesh is cold resistant. (rC+)
You are immune to negative energy. (rN+++)
You do not regenerate when monsters are visible.
You are immune to unholy pain and torment.
You can survive without breathing.


Message History

The scourge misses you.
The eight-headed meat hydra completely misses you.
The eight-headed meat hydra bites you but does no damage.
The eight-headed meat hydra bites you. x2
The eight-headed meat hydra bites you but does no damage.
The eight-headed meat hydra completely misses you. x2
The eight-headed meat hydra bites you!
* * * LOW HITPOINT WARNING * * *
The eight-headed meat hydra bites you!
* * * LOW HITPOINT WARNING * * *
The eight-headed meat hydra barely misses you.
The eight-headed meat hydra misses you. x2
The eight-headed meat hydra completely misses you.
The eight-headed meat hydra bites you.
* * * LOW HITPOINT WARNING * * *
The eight-headed meat hydra misses you. The eight-headed meat hydra bites you.
* * * LOW HITPOINT WARNING * * *
You hear a shout! x3
The large bag of meat hits you with a +9 giant spiked club!!!!
You die...

....... o. .....
.V #%%%. .# ..
#... .§#
.o.###%.. .%###O
.......D###oV%..z
#.....)M)S)%.D...


#)OSOo# #_o@M_# #)Dp.%# xozVpo)D_.V.... ....o.p###.....o ..###%.. ..###. . #...
..# #... ..# .5... @. .... You could see 2 accurseds, 4 eight-headed meat
hydras, 4 destroyers, 2 scourges, 3 fleshlords, a sculptor of flesh, a large bag
of meat (inner flame), The Captor, 2 meat berserkers, a shadow imp and 6 bags of
meat.

Vanquished Creatures
  Dispater (D)
  7 hell knights (D)
  9 hell beasts (D)
  Edmund (D)
  7 greater mummies (D)
  8 great orbs of eyes (D)
  4 wraiths (D)
  Harold (D)
  20 vampire knights (D)
  47 ogres (D)
  7 two-headed ogres (D)
  3 liches (D)
  8 hydras (D)
  95 orcs (D)
  3 phantoms (D)
  8 skeletal warriors (D)
  3 sea snakes (D)
  11 large abominations (D)
  16 small abominations (D)
  19 crawling corpses (D)
278 creatures vanquished.

Vanquished Creatures (others)
  A crawling corpse (D)
1 creature vanquished.

Grand Total: 279 creatures vanquished

Notes
Turn   | Place    | Note
-------+----------+-------------------------------------------
     0 | D        | Found the +∞ Axe of Woe
     0 | D        | poirepourri the Ghoul Gladiator began the quest for the Orb.
     0 | D        | Reached XP level 1. HP: 17/17 MP: 0/0
     4 | D        | Became a worshipper of Makhleb the Destroyer
     4 | D        | Noticed a bag of meat
     6 | D        | Noticed a meat berserker
     7 | D        | Noticed a bag of meat
     9 | D        | Killed a bag of meat
     9 | D        | Reached XP level 2. HP: 40/40 MP: 1/1
     9 | D        | Reached XP level 3. HP: 47/47 MP: 2/2
     9 | D        | Reached XP level 4. HP: 55/55 MP: 3/3
     9 | D        | Reached XP level 5. HP: 61/61 MP: 4/4
     9 | D        | Reached XP level 6. HP: 68/68 MP: 5/5
     9 | D        | Reached XP level 7. HP: 74/74 MP: 6/6
     9 | D        | Reached XP level 8. HP: 82/82 MP: 7/7
     9 | D        | Reached XP level 9. HP: 89/89 MP: 8/8
     9 | D        | Reached XP level 10. HP: 96/96 MP: 9/9
     9 | D        | Reached XP level 11. HP: 102/102 MP: 10/10
     9 | D        | Reached XP level 12. HP: 110/110 MP: 11/11
    10 | D        | Killed a meat berserker
    10 | D        | Reached * piety under Makhleb
    10 | D        | Reached XP level 13. HP: 124/124 MP: 12/12
    10 | D        | Reached XP level 14. HP: 132/132 MP: 13/13
    16 | D        | Killed a bag of meat
    16 | D        | Reached skill level 15 in Fighting
    16 | D        | Noticed a bag of meat
    19 | D        | Noticed a meat berserker
    22 | D        | Noticed a meat berserker
    22 | D        | Noticed a destroyer
    23 | D        | Killed a destroyer
    23 | D        | Reached skill level 5 in Axes
    23 | D        | Reached skill level 27 in Unarmed Combat
    23 | D        | Reached XP level 15. HP: 80/147 MP: 14/14
    23 | D        | Noticed a large bag of meat
    23 | D        | Noticed a destroyer
    24 | D        | Killed a destroyer
    24 | D        | Reached ** piety under Makhleb
    24 | D        | Reached skill level 27 in Dodging
    24 | D        | Reached XP level 16. HP: 145/165 MP: 15/15
    24 | D        | Reached XP level 17. HP: 157/178 MP: 16/16
    24 | D        | Killed a meat berserker
    24 | D        | Reached skill level 5 in Armour
    24 | D        | Noticed a destroyer
    25 | D        | Killed a meat berserker
    25 | D        | Reached *** piety under Makhleb
    25 | D        | Reached skill level 27 in Fighting
    25 | D        | Reached XP level 18. HP: 200/200 MP: 17/17
    25 | D        | Noticed a meat berserker
    25 | D        | Noticed a destroyer
    28 | D        | Killed a destroyer
    28 | D        | Reached XP level 19. HP: 207/207 MP: 18/18
    28 | D        | Noticed a meat berserker
    28 | D        | Noticed a meat berserker
    28 | D        | Noticed a destroyer
    29 | D        | Killed a large bag of meat
    29 | D        | Reached **** piety under Makhleb
    29 | D        | Reached skill level 27 in Throwing
    29 | D        | Reached skill level 10 in Armour
    29 | D        | Noticed a meat berserker
    30 | D        | Killed a meat berserker
    30 | D        | Reached skill level 27 in Axes
    30 | D        | Reached XP level 20. HP: 197/216 MP: 19/19
    30 | D        | Killed a meat berserker
    31 | D        | Reached ***** piety under Makhleb
    31 | D        | Reached skill level 27 in Armour
    31 | D        | Reached XP level 21. HP: 204/224 MP: 20/20
    33 | D        | Killed a destroyer
    33 | D        | Reached skill level 15 in Invocations
    33 | D        | Killed a meat berserker
    33 | D        | Reached skill level 15 in Spellcasting
    33 | D        | Reached XP level 22. HP: 233/233 MP: 20/41
    34 | D        | Killed a destroyer
    35 | D        | Reached skill level 27 in Stealth
    35 | D        | Noticed a large bag of meat
    36 | D        | Reached skill level 27 in Invocations
    36 | D        | Reached XP level 23. HP: 240/240 MP: 20/49
    38 | D        | Reached ****** piety under Makhleb
    39 | D        | Reached skill level 27 in Spellcasting
    41 | D        | Noticed a destroyer
    43 | D        | Noticed a destroyer
    44 | D        | Reached XP level 24. HP: 249/249 MP: 22/53
    45 | D        | Noticed an accursed
    46 | D        | Killed a destroyer
    46 | D        | Killed a large bag of meat
    47 | D        | Noticed a destroyer
    48 | D        | Reached XP level 25. HP: 257/257 MP: 23/53
    48 | D        | Noticed a large bag of meat
    48 | D        | Noticed a destroyer
    49 | D        | Noticed a destroyer
    50 | D        | Killed a destroyer
    51 | D        | Killed a destroyer
    51 | D        | Reached XP level 26. HP: 239/266 MP: 24/53
    51 | D        | Killed an accursed
    52 | D        | Reached XP level 27. HP: 273/273 MP: 24/53
    55 | D        | Noticed a large bag of meat
    58 | D        | Noticed a large bag of meat
    58 | D        | Killed a destroyer
    65 | D        | Noticed a destroyer
    68 | D        | Killed a large bag of meat
    68 | D        | Killed a destroyer
    68 | D        | Noticed a meat beast
    69 | D        | Noticed a meat beast
    69 | D        | Noticed a destroyer
    72 | D        | Noticed a destroyer
    72 | D        | Noticed a destroyer
    73 | D        | Killed a destroyer
    74 | D        | Noticed The Servant
    75 | D        | Killed a large bag of meat
    75 | D        | Killed a destroyer
    76 | D        | Killed a meat beast
    76 | D        | Killed a destroyer
    76 | D        | Killed a meat beast
    78 | D        | Killed a destroyer
    81 | D        | Noticed a destroyer
    87 | D        | Noticed a meat beast
    88 | D        | Noticed a destroyer
    92 | D        | Killed a destroyer
    93 | D        | Noticed a tyrant
    95 | D        | Killed a meat beast
    97 | D        | Killed a destroyer
    99 | D        | Noticed a tyrant
   100 | D        | Noticed a large bag of meat
   100 | D        | Killed The Servant
   100 | D        | Noticed a meat beast
   102 | D        | Noticed an accursed
   105 | D        | Killed a meat beast
   105 | D        | Noticed an accursed
   105 | D        | Noticed an accursed
   106 | D        | Killed a tyrant
   108 | D        | Noticed a large bag of meat
   109 | D        | Killed a tyrant
   110 | D        | Killed a large bag of meat
   111 | D        | Killed a large bag of meat
   118 | D        | Noticed a fleshlord
   118 | D        | Noticed a fleshlord
   121 | D        | Killed a fleshlord
   122 | D        | Noticed a destroyer
   124 | D        | Killed a fleshlord
   124 | D        | Noticed The Defiler
   125 | D        | Noticed a dread
   126 | D        | Noticed a fleshlord
   128 | D        | Killed a destroyer
   129 | D        | Noticed an accursed
   131 | D        | Noticed a destroyer
   131 | D        | Killed an accursed
   131 | D        | Killed The Defiler
   131 | D        | Noticed an accursed
   132 | D        | Killed an accursed
   132 | D        | Noticed a dread
   133 | D        | Killed an accursed
   133 | D        | Killed a fleshlord
   133 | D        | Killed a dread
   135 | D        | Noticed a destroyer
   135 | D        | Noticed a fleshlord
   137 | D        | Killed a destroyer
   139 | D        | Killed an accursed
   140 | D        | Killed a destroyer
   140 | D        | Noticed a large bag of meat
   141 | D        | Noticed a meat beast
   143 | D        | Killed a fleshlord
   144 | D        | Noticed a dread
   144 | D        | Noticed The Meatlord
   146 | D        | Killed a meat beast
   147 | D        | Killed The Meatlord
   147 | D        | Killed a large bag of meat
   149 | D        | Noticed a meat beast
   150 | D        | Noticed a meat beast
   150 | D        | Noticed a tyrant
   150 | D        | Noticed an accursed
   152 | D        | Noticed a fleshlord
   153 | D        | Killed a meat beast
   153 | D        | Killed a meat beast
   153 | D        | Noticed a fleshlord
   154 | D        | Noticed a dread
   154 | D        | Noticed an accursed
   156 | D        | Got the Orb of Zot
   156 | D        | Noticed a meat beast
   156 | D        | Noticed a dread
   156 | D        | Noticed an accursed
   156 | D        | Noticed an accursed
   157 | D        | Noticed a fleshlord
   157 | D        | Killed a dread
   157 | D        | Noticed a destroyer
   158 | D        | Killed a fleshlord
   158 | D        | Killed a meat beast
   158 | D        | Noticed a destroyer
   159 | D        | Killed a fleshlord
   160 | D        | Killed a dread
   160 | D        | Noticed a meat beast
   161 | D        | Killed a destroyer
   161 | D        | Killed a dread
   161 | D        | Noticed a fleshlord
   162 | D        | Killed a tyrant
   162 | D        | Killed an accursed
   162 | D        | Noticed a fleshlord
   162 | D        | Noticed a fleshlord
   163 | D        | Killed an accursed
   164 | D        | Killed a fleshlord
   165 | D        | Killed a meat beast
   165 | D        | Noticed a destroyer
   166 | D        | Noticed a destroyer
   166 | D        | Noticed The Captor
   167 | D        | Noticed a destroyer
   167 | D        | Annihilated by a large bag of meat

Skill      XL: |  1  2  3  4  5  6  7  8  9 10 11 12 13 14 15 16 17 18 19 20 21 22 23 |
---------------+----------------------------------------------------------------------+-----
Fighting       | 11 14 17 20 22 27 | 27.0
Throwing       | 9 12 14 17 18 22 25 27 | 27.0
Dodging        | 16 20 24 27 | 27.0
Unarmed Combat | 19 23 27 | 27.0
Axes           | 3 5 7 9 16 21 27 | 27.0
Armour         | 2 3 6 8 17 27 | 27.0
Stealth        | 22 27 | 27.0
Spellcasting   | 16 23 27 | 27.0
Invocations    | 20 27 | 27.0

Action                   |  1- 3 |  4- 6 |  7- 9 | 10-12 | 13-15 | 16-18 | 19-21 | 22-24 | 25-27 || total
-------------------------+-------+-------+-------+-------+-------+-------+-------+-------+-------++-------
Melee: Executioner's axe |     1 |       |       |     1 |     3 |     2 |     4 |    11 |   106 ||   128
       Unarmed           |       |       |       |       |     2 |       |       |       |       ||     2
Armor: Leather armour    |       |       |       |       |       |       |       |       |     5 ||     5
Dodge: Dodged            |       |       |       |       |     1 |       |       |     1 |    43 ||    45
